 Dungeon Crawl Stone Soup version 0.18.1-48-g4cf74bf (webtiles) character file.

119102 DungeonyCrawlthano the Black Belt (level 16, -2/115 HPs)
             Began as a Demonspawn Monk on Aug 12, 2016.
             Was the Champion of Okawaru.
             Shot with a bolt by a naga sharpshooter (15 damage)
             ... on level 4 of the Snake Pit on Aug 13, 2016.
             The game lasted 01:07:08 (27874 turns).

DungeonyCrawlthano the Black Belt (DsMo)           Turns: 27874, Time: 01:07:09

Health: -2/115     AC: 23    Str: 15    XL:     16   Next: 27%
Magic:  11/13      EV: 33    Int: 15    God:    Okawaru [******]
Gold:   1960       SH:  0    Dex: 24    Spells: 1 memorised, 20 levels left

rFire  . . .     SeeInvis +       - Unarmed
rCold  + . .     Gourm    .     h - +2 robe of the Salamander {rElec rCorr MP-9 Str+2}
rNeg   . . .     Faith    .     (no shield)
rPois  +         Spirit   .     C - +2 hat {Int+3}
rElec  +         Dismiss  .     N - +2 cloak {rPois}
rCorr  +         Reflect  .     V - +1 pair of gloves {Dex+3}
SustAt .         Harm     .     Q - +2 pair of boots
MR     ++...     Clarity  +     y - amulet of regeneration
Stlth  ++++......               B - ring of see invisible
                                w - +4 ring of protection

@: heroism, very resistant to hostile enchantments, stealthy
A: horns 1, talons 2, yellow scales 2, clarity, cold resistance 1, demonic
guardian 2, magic resistance 1, powered by pain 2
a: Heroism, Finesse, Renounce Religion


You were on level 4 of the Snake Pit.
You worshipped Okawaru.
Okawaru was exalted by your worship.
You were not hungry.

You visited 4 branches of the dungeon, and saw 28 of its levels.
You also visited: Sewer and Volcano.

You collected 1960 gold pieces.

Inventory:

Missiles
 r - 5 throwing nets (quivered)
Armour
 h - the +2 robe of the Salamander (worn) {rElec rCorr MP-9 Str+2}
   (You found it on level 11 of the Dungeon)

   It affects your strength (+2).
   It insulates you from electricity.
   It affects your magic capacity (-9).
   It protects you from acid and corrosion.
 k - a +3 leather armour of fire resistance
 q - a +2 robe of cold resistance
 C - a +2 hat of intelligence (worn)
 M - a +0 shield of fire resistance
 N - a +2 cloak of poison resistance (worn)
 Q - a +2 pair of boots (worn)
 V - a +1 pair of gloves of dexterity (worn)
Jewellery
 d - an uncursed ring of flight
 w - a +4 ring of protection (left hand)
 y - an amulet of regeneration (around neck)
 B - a ring of see invisible (right hand)
Wands
 g - a wand of teleportation (6/9)
 I - a wand of acid (9/15)
 J - a wand of teleportation (4/9)
 K - a wand of acid (6/15)
 O - a wand of disintegration (14/24)
 P - a wand of lightning (5/15)
 R - a wand of digging (20/24)
 S - a wand of digging (15/24)
Scrolls
 i - a scroll of summoning
 m - 2 scrolls of blinking
 n - 9 scrolls of fog
 x - 4 scrolls of remove curse
 D - 2 scrolls of fear
 L - 6 scrolls of teleportation
 T - 3 scrolls of magic mapping
Potions
 c - 6 potions of cancellation
 e - 9 potions of curing
 f - 3 potions of ambrosia
 j - 4 potions of agility
 l - 7 potions of heal wounds
 o - 6 potions of lignification
 t - 2 potions of flight
 u - 3 potions of might
 v - 3 potions of resistance
 z - a potion of haste
 E - 2 potions of berserk rage
 F - 3 potions of invisibility
 H - a potion of cure mutation
Comestibles
 a - a royal jelly
 b - 8 bread rations
 p - 11 meat rations
 s - 39 fruits
 A - 5 beef jerkies
 G - 6 slices of pizza
 U - 4 chunks of flesh


   Skills:
 - Level 7.4(12.4) Fighting
 - Level 5.1(10.1) Armour
 - Level 14.3(19.3) Dodging
 - Level 1.7(6.7) Stealth
 - Level 7.1(12.1) Shields
 + Level 17.2(22.2) Unarmed Combat
 - Level 4.0 Spellcasting
 - Level 8.3 Charms
 - Level 3.1 Ice Magic
 - Level 6.2 Invocations


You had 20 spell levels left.
You knew the following spells:

 Your Spells              Type           Power        Failure   Level  Hunger
a - Ozocubu's Armour      Chrm/Ice       ###.....     6%          3    ###....


Dungeon Overview and Level Annotations

Branches:
Dungeon (15/15)            Temple (1/1) D:4            Lair (8/8) D:9
 Shoals (0/4) Lair:5        Snake (4/4) Lair:3        Slime (0/6) Lair:8
    Orc (0/2) D:12         Vaults (0/5) D:14         Depths (0/5) D:15

Altars:
Ashenzari
Cheibriados
Dithmenos
Elyvilon
Fedhas
Gozag
Kikubaaqudgha
Makhleb
Nemelex Xobeh
Okawaru
Pakellas
Qazlal
Ru
Sif Muna
Trog
Vehumet
Xom
Yredelemnul
Zin
The Shining One
Jiyva

Shops:
D:12 (   D:13 }

Portals:
Trove: D:11 (give 8 potions of agility)


Innate Abilities, Weirdness & Mutations

You have razor-sharp toenails.
You are mostly covered in yellow scales (AC +3).
A demonic guardian rushes to your aid.
You sometimes gain power by taking damage.
You have a pair of small horns on your head.
You possess an exceptional clarity of mind.
Your flesh is cold resistant.
You are resistant to hostile enchantments.


Message History

You kill the black mamba!
Okawaru accepts your kill.
The naga sharpshooter spits poison at you.
The splash of poison misses you.
You barely miss the naga sharpshooter. You punch the naga sharpshooter.
The naga sharpshooter is lightly wounded.
The naga sharpshooter shoots a bolt.
The bolt hits you!!
* * * LOW HITPOINT WARNING * * *
You punch the naga sharpshooter!
Your headbutt misses the naga sharpshooter.
The naga sharpshooter is lightly wounded.
You pummel the naga sharpshooter!!
Your headbutt misses the naga sharpshooter.
The naga sharpshooter is heavily wounded.
You barely miss the naga sharpshooter. You punch the naga sharpshooter.
The naga sharpshooter is heavily wounded.
The naga sharpshooter mumbles some strange words.
The naga sharpshooter magically shoots a bolt.
The bolt hits you!
You die...

##....#
*#..*#.,,,,,,,,,,,*,,,,, #....#
*,,***,,,,,,,,,,*,,,,,,
##...####*,,***,,,,,,,,,*,,,,,,
#......###,,**##*****,,,,,,,,,
##.......##,,,.######*,,,,,,,,
##.......##*,.%....#**,,,,,,,
###......###.......***,,,,,,
####.....#†....$.,**,,,,,,
##(...@(......,**,,,,,,
##...†N......,,,,,,,,,
##..........,,,,,,,,,
##$.../....,,,,,,,,,
##........,,,,,,,,,
##.......,,,,,,,,,
*#......,,,,,,,,*
*#.....,,,,,,,,*
**,,,,,,,,,,,**


You could see a naga sharpshooter.

Vanquished Creatures
  2 greater nagas
  A vault guard (D:14)
  3 rakshasas (D:15)
  6 hydras
  4 catoblepae
  5 naga warriors
  8 anacondas
  4 centaur warriors
  6 death yaks (Lair:8)
  7 shock serpents
  4 naga sharpshooters
  Sonja (D:10)
  Nergalle (D:11)
  2 salamander mystics
  An unseen horror (D:13)
  2 naga ritualists
  The ghost of MuseOD the Covered, a novice HOFi of Beogh (D:11)
  Pikel (D:4)
  3 hill giants
  4 mana vipers
  A griffon (Lair:8)
  A cyclops (D:14)
  3 ugly things
  11 salamanders
  A manticore (D:15)
  9 elephants
  6 naga magi
  31 black mambas
  Psyche (D:11)
  2 guardian serpents (Snake:3)
  2 gargoyles
  13 komodo dragons
  12 spiny frogs
  A rime drake (Lair:1)
  4 trolls
  A tengu conjurer (D:15)
  5 blink frogs (Lair:8)
  2 slime creatures (D:15)
  A tarantella (shapeshifter) (D:14)
  Sigmund (D:5)
  A shadow (D:12)
  5 wyverns
  8 humans (D:14)
  41 yaks
  A vampire (D:9)
  2 basilisks
  Grum (D:11)
  A wraith (D:14)
  5 fire elementals (Volcano)
  A steam dragon (D:10)
  A hippogriff (shapeshifter) (D:15)
  9 hippogriffs
  2 hungry ghosts
  2 vampire mosquitoes (D:15)
  13 nagas
  A soldier ant (shapeshifter) (D:13)
  6 soldier ants (Lair:7)
  12 water moccasins
  18 porcupines
  4 sky beasts
  A wasp (D:14)
  4 black bears
  8 orc warriors
  3 phantoms
  17 ice beasts
  4 boggarts (D:15)
  A wolf (shapeshifter) (D:15)
  3 ogres
  11 wolves
  12 centaurs
  11 crocodiles
  4 big kobolds
  23 giant frogs
  A wyvern zombie (D:6)
  4 scorpions
  13 killer bees
  12 wights
  A howler monkey (D:12)
  4 electric eels (D:11)
  6 crimson imps
  3 giant frog zombies
  4 hounds
  3 centaur skeletons
  3 centaur zombies
  6 orc priests
  2 giant frog skeletons
  4 jellies
  11 iguanas
  33 worker ants
  12 orc wizards
  2 hell rats (D:9)
  A killer bee zombie (D:6)
  14 sheep
  A hound zombie (D:10)
  2 hound skeletons
  A worker ant zombie (D:10)
  A howler monkey skeleton (D:5)
  14 adders
  51 river rats
  10 gnolls
  5 shadow imps
  3 adder zombies
  2 worms
  4 dart slugs
  9 giant geckos
  32 orcs
  9 bats
  5 giant cockroaches
  14 goblins
  12 hobgoblins
  7 jackals
  14 kobolds
  3 quokkas
  4 ball pythons (Sewer)
  A giant gecko zombie (D:6)
  14 giant newts
  A quokka skeleton (D:6)
  A quokka zombie (D:5)
  13 rats
  A fire vortex (Volcano)
  A plant (Lair:8)
784 creatures vanquished.

Vanquished Creatures (collateral kills)
  Jorgrun (Snake:2)
  A greater naga (Snake:2)
  Maud (Lair:3)
  2 vault guards (D:14)
  An anaconda (Snake:3)
  Erica (D:11)
  A catoblepas (Lair:8)
  3 hydras
  A death knight (D:15)
  2 centaur warriors
  A tengu warrior (D:15)
  6 death yaks (Lair:8)
  A queen ant (Lair:7)
  A shock serpent (Snake:2)
  A deep troll earth mage (D:14)
  A slime creature (D:15)
  A naga ritualist (Snake:2)
  3 hill giants
  A necromancer (D:14)
  A wizard (D:14)
  2 mana vipers (Snake:2)
  A deep elf mage (D:15)
  A salamander (Snake:3)
  4 ugly things
  A cyclops (D:11)
  4 black mambas
  Joseph (D:7)
  A gargoyle (Volcano)
  3 naga magi
  A komodo dragon (Lair:3)
  8 yaks
  2 basilisks
  12 humans (D:14)
  4 nagas
  2 water moccasins
  A porcupine (Lair:7)
  An orc warrior (D:13)
  4 ice beasts (D:11)
  An ogre (D:4)
  A wolf (D:11)
  A big kobold (D:9)
  A giant frog (Sewer)
  A killer bee (D:10)
  2 crimson imps
  A quasit (D:11)
  An orc priest (D:13)
  A hell rat (D:9)
  3 sheep
97 creatures vanquished.

Vanquished Creatures (others)
  A naga ritualist (Snake:2)
  A crocodile (Lair:8)
  2 jackals (D:4)
  A quokka (D:15)
  9 fungi (Lair:8)
  10 plants
24 creatures vanquished.

Grand Total: 905 creatures vanquished

Notes
Turn   | Place    | Note
--------------------------------------------------------------
     0 | D:1      | DungeonyCrawlthano the Demonspawn Monk began the quest for the Orb.
     0 | D:1      | Reached XP level 1. HP: 18/18 MP: 1/1
    82 | D:1      | Reached skill level 4 in Unarmed Combat
    91 | D:1      | Gained mutation: You have sharp toenails. [demonic ancestry]
    91 | D:1      | Reached XP level 2. HP: 24/24 MP: 2/2
   711 | D:2      | Gained mutation: You are partially covered in yellow scales (AC +2). [demonic ancestry]
   711 | D:2      | Reached XP level 3. HP: 27/29 MP: 3/3
  1500 | D:2      | Reached skill level 5 in Unarmed Combat
  1664 | D:2      | Reached XP level 4. HP: 33/35 MP: 4/4
  1918 | D:2      | Found a basalt altar of Yredelemnul.
  2669 | D:4      | Found a radiant altar of Vehumet.
  2675 | D:4      | Found a glowing silver altar of Zin.
  2692 | D:4      | Noticed Pikel
  2692 | D:4      | Noticed a slave
  2692 | D:4      | Noticed a slave
  2693 | D:4      | Noticed a slave
  2699 | D:4      | Noticed a slave
  2715 | D:4      | Killed Pikel
  2715 | D:4      | Reached skill level 7 in Unarmed Combat
  2715 | D:4      | Reached XP level 5. HP: 19/41 MP: 5/5
  2715 | D:4      | Gained mutation: A weak demonic guardian rushes to your aid. [demonic ancestry]
  2715 | D:4      | Reached XP level 6. HP: 22/47 MP: 6/6
  2715 | D:4      | Reached XP level 7. HP: 24/52 MP: 7/7
  2937 | D:4      | Found a staircase to the Ecumenical Temple.
  2971 | Temple   | Entered the Ecumenical Temple
  2976 | Temple   | Became a worshipper of Warmaster Okawaru
  2976 | Temple   | Reached * piety under Okawaru
  2976 | Temple   | Reached ** piety under Okawaru
  3027 | D:4      | Reached skill level 8 in Unarmed Combat
  3085 | D:4      | Found an opulent altar of Gozag.
  3252 | D:4      | Found a sparkling altar of Nemelex Xobeh.
  3418 | D:5      | Entered Level 5 of the Dungeon
  3506 | D:5      | Reached skill level 9 in Unarmed Combat
  3677 | D:5      | Noticed Sigmund
  3693 | D:5      | Killed Sigmund
  3693 | D:5      | Reached *** piety under Okawaru
  3693 | D:5      | Gained mutation: You are mostly covered in yellow scales (AC +3). [demonic ancestry]
  3693 | D:5      | Reached XP level 8. HP: 36/58 MP: 8/8
  3996 | D:5      | Reached skill level 10 in Unarmed Combat
  4889 | D:6      | Found a glowing drain.
  4893 | Sewer    | Entered a sewer
  5318 | D:6      | Reached skill level 11 in Unarmed Combat
  5320 | D:6      | Gained mutation: A demonic guardian rushes to your aid. [demonic ancestry]
  5320 | D:6      | Reached XP level 9. HP: 45/63 MP: 6/9
  5967 | D:7      | Noticed Joseph
  5998 | D:7      | Killed Joseph
  6230 | D:7      | Reached skill level 5 in Dodging
  6437 | D:7      | Reached **** piety under Okawaru
  6740 | D:7      | Gained mutation: You can translocate small distances at will. [potion of mutation]
  6740 | D:7      | Gained mutation: You tend to lose your temper in combat. [potion of mutation]
  6740 | D:7      | Gained mutation: Your mind is acute. (Int +2) [potion of mutation]
  6741 | D:7      | Lost mutation: Your mind is acute. (Int +2) [potion of cure mutation]
  6741 | D:7      | Lost mutation: You tend to lose your temper in combat. [potion of cure mutation]
  6741 | D:7      | Lost mutation: You can translocate small distances at will. [potion of cure mutation]
  6863 | D:8      | Reached skill level 1 in Invocations
  7200 | D:8      | Reached skill level 5 in Invocations
  7231 | D:8      | Found a bloodstained altar of Trog.
  7234 | D:8      | Found an opulent altar of Gozag.
  7236 | D:8      | Found a stormy altar of Qazlal.
  7237 | D:8      | Found a sacrificial altar of Ru.
  7239 | D:8      | Found a shimmering altar of Xom.
  7239 | D:8      | Found a blossoming altar of Fedhas.
  7479 | D:8      | Identified a scroll of acquirement
  7846 | D:9      | Reached XP level 10. HP: 56/70 MP: 14/14
  7908 | D:9      | Found a staircase to the Lair.
  8076 | D:9      | Found a burning altar of Makhleb.
  8449 | D:9      | Noticed a three-headed hydra
  8454 | D:9      | Killed a three-headed hydra
  8563 | D:9      | Found a white marble altar of Elyvilon.
  9128 | D:10     | Entered Level 10 of the Dungeon
  9154 | D:10     | Noticed Sonja
  9277 | D:10     | Killed Sonja
  9337 | D:10     | Noticed a hill giant
  9347 | D:10     | Killed a hill giant
  9347 | D:10     | Reached skill level 12 in Unarmed Combat
  9562 | D:10     | Reached ***** piety under Okawaru
  9719 | D:10     | Gained mutation: You are resistant to hostile enchantments. [potion of mutation]
  9719 | D:10     | Gained mutation: You possess an exceptional clarity of mind. [potion of mutation]
  9719 | D:10     | Gained mutation: You have a pair of small horns on your head. [potion of mutation]
  9863 | D:10     | Found a deep blue altar of Sif Muna.
  9877 | D:10     | Reached XP level 11. HP: 75/75 MP: 15/15
 10134 | D:11     | Got a smoking robe
 10154 | D:11     | Identified the +2 robe of the Salamander {rElec rCorr MP-9 Str+2} (You found it on level 11 of the Dungeon)
 10160 | D:11     | Noticed Psyche
 10166 | D:11     | Killed Psyche
 10286 | D:11     | Noticed Grum
 10323 | D:11     | Killed Grum
 10350 | D:11     | Noticed Nergalle
 10357 | D:11     | Killed Nergalle
 10357 | D:11     | Reached skill level 13 in Unarmed Combat
 10405 | D:11     | Received a gift from Okawaru
 10468 | D:11     | Found a portal to a secret trove of treasure.
 10596 | D:11     | Noticed Erica
 10600 | D:11     | Noticed MuseOD's ghost (novice HOFi)
 10605 | D:11     | Killed Erica
 10618 | D:11     | Killed MuseOD's ghost
 10622 | D:11     | Reached skill level 10 in Dodging
 10946 | D:11     | Noticed a hill giant
 10951 | D:11     | Killed a hill giant
 11199 | D:12     | Found a staircase to the Orcish Mines.
 11247 | D:12     | Noticed a hill giant
 11257 | D:12     | Killed a hill giant
 11485 | D:12     | Found Kimekus's Antique Weapon Boutique.
 11694 | D:12     | Noticed a green ugly thing
 11705 | D:12     | Killed a green ugly thing
 11705 | D:12     | Received a gift from Okawaru
 11705 | D:12     | Reached skill level 5 in Fighting
 12047 | D:13     | Noticed a centaur warrior
 12054 | D:13     | Killed a centaur warrior
 12058 | D:13     | Gained mutation: You sometimes gain a little power by taking damage. [demonic ancestry]
 12058 | D:13     | Reached XP level 12. HP: 63/86 MP: 7/16
 12120 | D:13     | You fall through a shaft for 2 floors!
 12120 | D:15     | Entered Level 15 of the Dungeon
 12471 | D:13     | Found Ralad's Quality Used Wands.
 12473 | D:13     | Noticed a centaur warrior
 12478 | D:13     | Killed a centaur warrior
 12478 | D:13     | Reached skill level 14 in Unarmed Combat
 12511 | D:13     | Reached skill level 1 in Shields
 12619 | D:13     | Noticed a seven-headed hydra
 12629 | D:13     | Killed a seven-headed hydra
 12629 | D:13     | Reached skill level 1 in Armour
 12818 | D:13     | Noticed a centaur warrior
 12830 | D:13     | Killed a centaur warrior
 13286 | D:14     | Received a gift from Okawaru
 13329 | D:14     | Found a gate to the Vaults.
 13329 | D:14     | Noticed a vault guard
 13329 | D:14     | Noticed a vault guard
 13329 | D:14     | Noticed a vault guard
 13352 | D:14     | Killed a vault guard
 13355 | D:14     | Killed a vault guard
 13355 | D:14     | Reached ****** piety under Okawaru
 13366 | D:14     | Killed a vault guard
 13618 | D:14     | Found a bloodstained altar of Trog.
 13878 | D:14     | Noticed a centaur warrior
 13891 | D:14     | Killed a centaur warrior
 14019 | D:14     | Found a runed door.
 14031 | D:14     | Noticed a centaur warrior
 14031 | D:14     | Noticed a deep troll earth mage
 14037 | D:14     | Killed a centaur warrior
 14037 | D:14     | Reached XP level 13. HP: 91/91 MP: 5/17
 14048 | D:14     | Received a gift from Okawaru
 14659 | D:14     | Learned a level 3 spell: Ozocubu's Armour
 14932 | D:15     | Received a gift from Okawaru
 15093 | D:15     | Noticed a ghost moth
 15093 | D:15     | a catoblepas changed into a ghost moth
 15124 | D:15     | Found a white marble altar of Elyvilon.
 15335 | D:15     | Received a gift from Okawaru
 15529 | D:15     | Reached skill level 15 in Unarmed Combat
 15628 | D:15     | Reached skill level 1 in Charms
 15718 | D:15     | Found a staircase to the Depths.
 15904 | Lair:1   | Entered Level 1 of the Lair of Beasts
 16098 | Lair:1   | Found a dark tunnel.
 16107 | Volcano  | Entered a volcano
 16186 | Volcano  | Reached skill level 5 in Charms
 16489 | Lair:1   | Reached skill level 1 in Ice Magic
 16575 | Lair:1   | Reached skill level 1 in Spellcasting
 17818 | Lair:3   | Received a gift from Okawaru
 18255 | Lair:3   | Noticed Maud
 18271 | Lair:3   | Killed Maud
 18271 | Lair:3   | Gained mutation: You sometimes gain power by taking damage. [demonic ancestry]
 18271 | Lair:3   | Reached XP level 14. HP: 44/98 MP: 7/18
 18385 | Lair:3   | Found a staircase to the Snake Pit.
 20109 | Lair:5   | Reached skill level 16 in Unarmed Combat
 20194 | Lair:5   | Found a staircase to the Shoals.
 20727 | Lair:6   | Gained mutation: Your flesh is cold resistant. [potion of beneficial mutation]
 20754 | Lair:6   | Received a gift from Okawaru
 22562 | Lair:8   | Entered Level 8 of the Lair of Beasts
 22904 | Lair:8   | Received a gift from Okawaru
 23053 | Lair:8   | Reached skill level 5 in Armour
 23212 | Lair:8   | Found a viscous altar of Jiyva.
 23213 | Lair:8   | Found a staircase to the Slime Pits.
 23354 | Lair:8   | Gained mutation: You have razor-sharp toenails. [demonic ancestry]
 23354 | Lair:8   | Reached XP level 15. HP: 59/103 MP: 10/19
 23521 | Lair:8   | Received a gift from Okawaru
 23578 | Lair:8   | Reached skill level 5 in Shields
 24151 | Snake:1  | Entered Level 1 of the Snake Pit
 24480 | Snake:1  | Found an opulent altar of Gozag.
 24916 | Snake:2  | Received a gift from Okawaru
 25129 | Snake:2  | Noticed a greater naga
 25138 | Snake:2  | Killed a greater naga
 25367 | Snake:2  | Noticed Jorgrun
 25620 | Snake:2  | Killed Jorgrun
 25811 | Snake:3  | Noticed a greater naga
 25912 | Snake:3  | Killed a greater naga
 25912 | Snake:3  | Received a gift from Okawaru
 26626 | Snake:3  | Reached skill level 17 in Unarmed Combat
 26919 | Snake:3  | Reached XP level 16. HP: 109/111 MP: 10/22
 27059 | Snake:4  | Entered Level 4 of the Snake Pit
 27478 | Snake:4  | Received a gift from Okawaru
 27874 | Snake:4  | Shot with a bolt by a naga sharpshooter

Skill      XL: |  1  2  3  4  5  6  7  8  9 10 11 12 13 14 15 16 |
---------------+-------------------------------------------------+-----
Unarmed Combat | 4 5 7 9 11 12 13 14 15 16 17 | 17.2
Dodging        | 6 9 11 13 14 | 14.3
Invocations    | 6 |  6.2
Fighting       | 5 6 7 |  7.4
Shields        | 1 3 6 7 |  7.1
Armour         | 3 5 |  5.1
Charms         | 5 7 8 |  8.3
Ice Magic      | 3 |  3.1
Spellcasting   | 3 4 |  4.0
Stealth        | |  1.7

Action                   |  1- 3 |  4- 6 |  7- 9 | 10-12 | 13-15 | 16-18 || total
-------------------------+-------+-------+-------+-------+-------+-------++-------
Melee: Unarmed           |   134 |   101 |   484 |   906 |  1793 |   208 ||  3626
       Kick              |    29 |    20 |   147 |   261 |       |       ||   457
       Punch             |       |     3 |    23 |    64 |   196 |    28 ||   314
       Headbutt          |       |       |       |   134 |   512 |    46 ||   692
 Cast: Ozocubu's Armour  |       |       |       |       |     8 |     1 ||     9
Invok: Heroism           |       |       |     5 |    10 |    35 |     4 ||    54
  Use: Scroll            |    10 |     4 |     6 |     6 |    16 |     1 ||    43
       Potion            |       |     3 |     2 |     2 |     1 |       ||     8
 Stab: Sleeping          |     4 |     5 |     9 |    12 |    20 |     1 ||    51
       Distracted        |       |     1 |       |     6 |     6 |     4 ||    17
  Eat: Chunk             |     2 |     4 |     8 |    23 |    29 |       ||    66
       Bread ration      |       |       |     2 |       |     3 |     1 ||     6
       Beef jerky        |       |       |       |       |     1 |       ||     1
       Royal jelly       |       |       |       |       |     1 |       ||     1
Armor: Robe              |    36 |    37 |   137 |   142 |   317 |    40 ||   709
       Skin              |       |    25 |       |    11 |       |       ||    36
Dodge: Dodged            |   109 |    62 |   285 |   764 |  1836 |   265 ||  3321
